 Dungeon Crawl Stone Soup version 0.24-a0-378-g94936e539c (webtiles) character file.

Game seed: 277487526650581890

3700 Peloso the Carver (level 9, -6/79 HPs)
             Began as a Minotaur Fighter on June 2, 2019.
             Was a Priest of Okawaru.
             Mangled by a two-headed ogre
             ... wielding a +0 giant club
              (19 damage)
             ... on level 8 of the Dungeon.
             The game lasted 00:15:46 (6895 turns).

Peloso the Carver (Minotaur Fighter)                Turns: 6895, Time: 00:15:47

Health: -6/79      AC: 17    Str: 22    XL:     9   Next: 91%
Magic:  8/8        EV:  7    Int:  5    God:    Okawaru [***...]
Gold:   329        SH: 11    Dex: 12    Spells: 8/8 levels left

rFire    . . .     SeeInvis .   a - +0 long sword
rCold    . . .     Gourm    .   c - +0 shield
rNeg     . . .     Faith    .   t - +0 chain mail
rPois    .         Spirit   .   (helmet restricted)
rElec    .         Reflect  .   H - +0 cloak
rCorr    +         Harm     .   (no gloves)
MR       .....                  (no boots)
Stlth    ..........             (no amulet)
HPRegen  0.23/turn              u - ring of resist corrosion
MPRegen  0.11/turn              F - +6 ring of protection

@: heavily drained
A: retaliatory headbutt, horns 2
a: Heroism, Renounce Religion


You were on level 8 of the Dungeon.
You worshipped Okawaru.
Okawaru was most pleased with you.
You were not hungry.

You visited 2 branches of the dungeon, and saw 9 of its levels.

You collected 461 gold pieces.
You spent 132 gold pieces at shops.

Inventory:

Hand Weapons
 a - a +0 long sword (weapon)
 r - the +4 whip of Plunder {freeze, rC+ MR+ MP+9 Stlth+}
   (You found it on level 4 of the Dungeon)

   It has been specially enchanted to freeze those struck by it, causing extra
   injury to most foes and up to half again as much damage against particularly
   susceptible opponents.
   It can also slow down cold-blooded creatures.
   It protects you from cold.
   It affects your resistance to hostile enchantments.
   It affects your magic capacity (+9).
   It makes you more stealthy.
 G - a +2 whip of flaming
Armour
 b - a +0 scale mail
 c - a +0 shield (worn)
 t - a +0 chain mail (worn)
 H - a +0 cloak (worn)
Jewellery
 j - an uncursed ring of ice
 p - an uncursed ring of see invisible
 q - a +4 ring of intelligence
 u - a ring of resist corrosion (left hand)
 B - an uncursed ring of wizardry
 F - a +6 ring of protection (right hand)
 M - an uncursed amulet of harm
Wands
 x - a wand of paralysis (7)
 C - a wand of disintegration (15)
 J - a wand of iceblast (10)
Scrolls
 e - 2 scrolls of identify
 g - 4 scrolls of teleportation {unknown}
 h - 4 scrolls of enchant armour {unknown}
 m - 4 scrolls of blinking
 o - 2 scrolls of fear {unknown}
 v - a scroll of immolation {unknown}
 y - a scroll of random uselessness {unknown}
 z - a scroll of fog {unknown}
 A - 4 scrolls of magic mapping
 K - 2 scrolls of enchant weapon {unknown}
 L - 2 scrolls of remove curse {unknown}
 N - a scroll of vulnerability {unknown}
Potions
 d - a potion of might
 i - 4 potions of heal wounds
 k - 4 potions of haste
 l - 2 potions of curing
 n - a potion of ambrosia
 s - 3 potions of agility
 w - 2 potions of berserk rage
 E - a potion of resistance {unknown}
 I - 2 potions of flight {unknown}
Comestibles
 f - 14 rations


   Skills:
 + Level 7.0(5.6) Fighting
 + Level 10.8(9.2) Long Blades
 + Level 1.7(0.5) Maces & Flails
 + Level 8.0(6.5) Armour
 + Level 2.8(1.5) Dodging
 + Level 0.6(0.0) Stealth
 + Level 9.3(7.8) Shields


You had 8 spell levels left.
You didn't know any spells.
Your spell library contained the following spells:

 Spells                   Type           Power        Failure   Level  Hunger
 Summon Small Mammal      Summ           #...         100%        1    ##.....
 Call Imp                 Summ           #.......     100%        2    ###....
 Poisonous Vapours        Pois/Air       #.....       100%        2    ###....
 Call Canine Familiar     Summ           #.......     100%        3    ####...
 Conjure Flame            Conj/Fire      #.......     100%        3    ####...
 Mephitic Cloud           Conj/Pois/Air  #.......     100%        3    ####...
 Summon Guardian Golem    Hex/Summ       #.......     100%        3    ####...
 Summon Ice Beast         Ice/Summ       #.......     100%        4    #####..
 Summon Lightning Spire   Summ/Air       #.......     100%        4    #####..
 Freezing Cloud           Conj/Ice/Air   #.........   100%        6    #######
 Ring of Flames           Chrm/Fire      #.........   100%        7    #######


Dungeon Overview and Level Annotations

Branches:
Dungeon (8/15)             Temple (1/1) D:5
   Lair: D:8-11

Altars:
Ashenzari
Cheibriados
Dithmenos
Fedhas
Gozag
Nemelex Xobeh
Okawaru
Qazlal
Sif Muna
Uskayaw
Vehumet
Wu Jian
Zin
The Shining One

Shops:
D:4 ?


Innate Abilities, Weirdness & Mutations

You reflexively headbutt those who attack you in melee.
You have a pair of horns on your head.


Message History

You barely miss the two-headed ogre.
The two-headed ogre is lightly wounded.
You block the two-headed ogre's attack.
The two-headed ogre hits you with a +0 giant club!
You hit the two-headed ogre. You headbutt the two-headed ogre!
The two-headed ogre is heavily wounded.
You hit the two-headed ogre. You headbutt the two-headed ogre.
The two-headed ogre is heavily wounded.
The two-headed ogre hits you with a +0 giant club!
The two-headed ogre hits you with a +0 giant club!!
* * * LOW HITPOINT WARNING * * *
You slash the two-headed ogre! You headbutt the two-headed ogre.
The two-headed ogre is almost dead.
The two-headed ogre barely misses you.
The two-headed ogre hits you with a +0 giant club!
* * * LOW HITPOINT WARNING * * *
You slash the two-headed ogre! You headbutt the two-headed ogre.
The two-headed ogre is almost dead.
The two-headed ogre hits you with a +0 giant club!!
You die...

################
......O@>......#
##############.### #.....#
#######.###.###### .. ........#
#......# .# ########.###.####.#
.## #............# #.#
..############.###.#.##.### #.#
..#............##.......######.#


You could see a two-headed ogre.

Vanquished Creatures
  Pikel (D:5)
  A troll (D:7)
  Sigmund (D:6)
  Eustachio (D:5)
  Edmund (D:5)
  An ice beast (D:6)
  2 black bears (D:6)
  A slave (D:5)
  3 phantoms
  3 ogres
  3 centaurs
  3 bullfrogs
  2 scorpions
  4 killer bees (D:8)
  A howler monkey (D:5)
  7 crimson imps
  A centaur zombie (D:3)
  An orc wizard (D:4)
  An orc priest (D:4)
  A centaur skeleton (D:4)
  6 iguanas
  Ijyb (D:3)
  8 worker ants
  A killer bee zombie (D:5)
  2 hound skeletons
  2 worker ant zombies
  Robin (D:4)
  3 gnolls
  10 adders
  2 shadow imps
  An ooze (D:3)
  An adder zombie (D:3)
  An adder skeleton (D:3)
  5 worms
  6 dart slugs
  5 leopard geckos
  23 orcs
  9 bats
  5 giant cockroaches
  13 goblins
  15 hobgoblins
  12 jackals
  A quokka (D:5)
  2 ball pythons
  5 frilled lizards
  A jackal zombie (D:8)
  7 kobolds
  A leopard gecko zombie (D:3)
  A quokka skeleton (D:3)
  2 quokka zombies
  14 rats
205 creatures vanquished.

Notes
Turn   | Place    | Note
-------+----------+-------------------------------------------
     0 | D:1      | Peloso the Minotaur Fighter began the quest for the Orb.
     0 | D:1      | Reached XP level 1. HP: 19/19 MP: 0/0
    91 | D:1      | Reached XP level 2. HP: 20/27 MP: 1/1
   508 | D:1      | Reached XP level 3. HP: 33/33 MP: 2/2
   623 | D:2      | Reached skill level 3 in Long Blades
   839 | D:1      | Reached XP level 4. HP: 27/40 MP: 3/3
  1056 | D:2      | Reached skill level 5 in Shields
  1108 | D:2      | Found a shattered altar of Ashenzari.
  1420 | D:2      | Found a glowing silver altar of Zin.
  1420 | D:2      | Found an ornate altar of the Wu Jian Council.
  1524 | D:2      | You fall into a shaft and drop 2 floors!
  1535 | D:4      | Reached XP level 5. HP: 38/46 MP: 4/4
  1537 | D:4      | Got a crude whip
  1538 | D:4      | Identified the +4 whip of Plunder {freeze, rC+ MR+ MP+9
                  | Stlth+} (You found it on level 4 of the Dungeon)
  1570 | D:4      | Noticed Robin
  1580 | D:4      | Reached skill level 1 in Dodging
  1586 | D:4      | Killed Robin
  1770 | D:4      | Reached skill level 1 in Maces & Flails
  2099 | D:3      | Reached XP level 6. HP: 49/52 MP: 5/5
  2282 | D:3      | Noticed Ijyb
  2291 | D:3      | Killed Ijyb
  2291 | D:3      | Reached skill level 5 in Armour
  2382 | D:3      | Found a radiant altar of Vehumet.
  2598 | D:3      | Reached skill level 4 in Long Blades
  2953 | D:2      | Found a faded altar of an unknown god.
  3373 | D:4      | Reached XP level 7. HP: 38/60 MP: 6/6
  3488 | D:4      | Found Puelyton's Magic Scroll Boutique.
  3506 | D:4      | Bought a scroll of magic mapping for 42 gold pieces
  3506 | D:4      | Bought a scroll of blinking for 90 gold pieces
  3637 | D:4      | Reached skill level 5 in Long Blades
  3718 | D:5      | Entered Level 5 of the Dungeon
  3762 | D:5      | Noticed Eustachio
  3801 | D:5      | Found a sparkling altar of Nemelex Xobeh.
  3804 | D:5      | Killed Eustachio
  3804 | D:5      | Reached skill level 5 in Fighting
  3925 | D:5      | Found an opulent altar of Gozag.
  3942 | D:5      | Noticed Edmund
  3958 | D:5      | Killed Edmund
  3958 | D:5      | Reached skill level 6 in Long Blades
  4019 | D:5      | Found a staircase to the Ecumenical Temple.
  4041 | Temple   | Entered the Ecumenical Temple
  4159 | Temple   | Became a worshipper of Warmaster Okawaru
  4223 | D:5      | Reached XP level 8. HP: 63/70 MP: 7/7
  4272 | D:5      | Noticed Pikel
  4292 | D:5      | Killed Pikel
  4292 | D:5      | Reached skill level 7 in Long Blades
  4351 | D:5      | Reached * piety under Okawaru
  4777 | D:6      | Reached skill level 8 in Long Blades
  5028 | D:6      | Reached XP level 9. HP: 77/77 MP: 8/8
  5071 | D:6      | Found a blossoming altar of Fedhas.
  5183 | D:6      | Reached skill level 9 in Long Blades
  5251 | D:6      | Noticed Sigmund
  5262 | D:6      | Killed Sigmund
  5262 | D:6      | Reached ** piety under Okawaru
  5808 | D:7      | Reached skill level 10 in Long Blades
  5835 | D:7      | Noticed a troll
  5853 | D:7      | Killed a troll
  6077 | D:7      | Found a stormy altar of Qazlal.
  6097 | D:7      | Found a shadowy altar of Dithmenos.
  6674 | D:8      | Reached *** piety under Okawaru
  6873 | D:8      | Received a gift from Okawaru
  6886 | D:8      | Noticed a two-headed ogre
  6895 | D:8      | Mangled by a two-headed ogre

Levels and vault maps discovered:
D:1:      dpeg_arrival_arbitrary_b, layout_rooms, st_stairs_10,
          chequers_mini_garden, minmay_misc_feat_hallway
D:2:      layout_basic, nicolae_overflow_crystal_walls,
          gammafunk_temple_overflow_statue, chequers_ecumenical_altar_grove,
          guppyfry_early_orc_mine
D:3:      layout_loops_ring, overflow_temple_1_default, first_ration,
          serial_undead, serial_undead_d, serial_undead_f, serial_undead_c,
          serial_undead_d, uniq_ijyb
D:4:      layout_loops_ring, serial_shops, shop, uniq_robin
D:5:      layout_cave_pods, nemelex_xobeh_ov_fountains_minmay,
          nicolae_gozag_seed_capital, minmay_temple_entry_waves,
          kennysheep_generic_room_12, uniq_edmund, uniq_eustachio, uniq_pikel
D:6:      layout_gridville, old_standard_altar, uniq_sigmund
D:7:      layout_loops_ring, grunt_qazlal_sundering,
          nicolae_dithmenos_through_a_glass_darkly
D:8:      layout_loops_ring
Temple:   minmay_temple_curvy_branch

Skill      XL: |  1  2  3  4  5  6  7  8  9 |
---------------+----------------------------+-----
Shields        | 4 5 6 7 8 9 |  9.3
Armour         | 4 5 6 8 |  8.0
Fighting       | 4 5 6 7 |  7.0
Long Blades    | 3 4 6 8 10 | 10.8
Dodging        | 1 2 |  2.8
Maces & Flails | 1 |  1.7
Stealth        | |  0.6

Action                   |  1- 3 |  4- 6 |  7- 9 || total
-------------------------+-------+-------+-------++-------
Melee: Long sword        |    86 |   213 |   372 ||   671
       Headbutt          |     8 |    54 |    89 ||   151
       Whip              |       |    24 |       ||    24
  Use: Scroll            |       |       |     6 ||     6
  Eat: Chunk             |       |     8 |    12 ||    20
Armor: Scale mail        |    27 |    41 |       ||    68
       Chain mail        |       |    59 |   149 ||   208
Dodge: Dodged            |    42 |    63 |    98 ||   203
Block: Shield            |    58 |   124 |   216 ||   398
       Rpst.: Long sword |     9 |    18 |    29 ||    56

Table legend:
 A = Non-vault XP
 B = Vault XP
 C = Vault XP percentage of total XP
 D = Non-vault monster count
 E = Vault monster count
 F = Vault count percentage of total count
                 A         B        C        D         E       F
            +---------+---------+-------+---------+---------+-------
      Total |    3943 |    1343 |  25.4 |     177 |      27 |  13.2
            +---------+---------+-------+---------+---------+-------
        D:1 |      56 |       4 |   6.7 |      25 |       2 |   7.4
        D:2 |     113 |      17 |  13.1 |      26 |       7 |  21.2
        D:3 |     132 |      65 |  33.0 |      29 |       6 |  17.1
        D:4 |     430 |      29 |   6.3 |      16 |       8 |  33.3
        D:5 |     482 |    1008 |  67.7 |      18 |       3 |  14.3
        D:6 |    1157 |     220 |  16.0 |      22 |       1 |   4.3
        D:7 |     778 |       0 |   0.0 |      22 |       0 |   0.0
        D:8 |     795 |       0 |   0.0 |      19 |       0 |   0.0
            +---------+---------+-------+---------+---------+-------
